 Dungeon Crawl Stone Soup version 0.13-b1-41-gf166b9b (webtiles) character file.

99 MirrMurr the Sneak (level 2, -1/13 HPs)
             Began as a Spriggan Enchanter on Oct 8, 2013.
             Killed from afar by Sigmund (13 damage)
             ... with a puff of flame
             ... on Level 2 of the Dungeon.
             The game lasted 00:04:44 (1241 turns).

MirrMurr the Sneak (Spriggan Enchanter)             Turns: 1241, Time: 00:04:45

HP  -1/13        AC  3     Str  4      XL: 2   Next: 58%
MP   4/6         EV 18     Int 16      God:
Gold 79          SH  0     Dex 16      Spells:  2 memorised,  0 levels left

Res.Fire  : . . .   See Invis. : +   a - +1 dagger {=f}
Res.Cold  : . . .   Warding    : .   b - +1 robe
Life Prot.: . . .   Conserve   : .   (shield restricted)
Res.Poison: .       Res.Corr.  : .   (helmet restricted)
Res.Elec. : .       Clarity    : .   (no cloak)
Sust.Abil.: . .     Spirit.Shd : .   (gloves unavailable)
Res.Mut.  : .       Stasis     : .   (boots unavailable)
Res.Rott. : .       Flight     : .   (no amulet)
Saprovore : . . .                    (no ring)
                                     (no ring)

@: confused, very slightly contaminated, very quick, slightly resistant to
hostile enchantments, unstealthy
A: unfitting armour, see invisible, herbivore 3, speed 3, slow metabolism 2
a: no special abilities


You were on level 2 of the Dungeon.
You were not hungry.

You visited 1 branch of the dungeon, and saw 2 of its levels.

You collected 59 gold pieces.

Inventory:

Hand weapons
 a - a +1,+1 dagger (weapon) {=f}
Missiles
 d - 12 darts (quivered)
Armour
 b - a +1 robe (worn)
Scrolls
 g - a scroll of remove curse {unknown}
 h - a scroll of teleportation {unknown}
 i - a scroll of magic mapping {unknown}
 j - a scroll of curse weapon {unknown}
 l - a scroll of curse armour {unknown}
Potions
 e - a potion of porridge
 f - a potion of curing {unknown}
 k - a potion of resistance {unknown}
Books
 c - a book of Maledictions

   Spells                             Type                      Level
   *Corona                            Hexes                        1
   Sure Blade                         Hexes/Charms                 2
   *Ensorcelled Hibernation           Hexes/Ice                    2
   Confuse                            Hexes                        3
   Enslavement                        Hexes                        4
   Invisibility                       Hexes                        6


   Skills:
 - Level 1.1 Short Blades
 - Level 1.1 Throwing
 - Level 3.0 Dodging
 + Level 5.0 Stealth
 - Level 1.3 Spellcasting
 - Level 3.6 Hexes


You couldn't memorise any spells.
You knew the following spells:

 Your Spells              Type           Power        Failure   Level  Hunger
a - Ensorcelled Hibernat  Hex/Ice        #.....       17%         2    ###....
Z - Corona                Hex            ##.....      8%          1    ##.....


Dungeon Overview and Level Annotations

Branches:
Dungeon (2/27)

Altars:

Annotations:
D:1 stuff behind lava
D:2 Sigmund


Innate Abilities, Weirdness & Mutations

You are tiny and cannot use many weapons and most armour.
You have supernaturally acute eyesight.
You are a herbivore.
You cover ground extremely quickly.
You need consume almost no food.


Message History

A worm and a giant cockroach come into view.
The helpless Sigmund fails to defend himself.
You slice Sigmund!!
Sigmund is severely wounded.
The giant cockroach moves out of view.
Sigmund gestures wildly while chanting.
Sigmund flickers and vanishes for a moment.
Cast which spell? (? or * to list)
Aiming: Ensorcelled Hibernation
Press: ? - help, Shift-Dir - straight line, f - Sigmund
Aim: Sigmund, wielding a glowing scythe and wearing a robe (severely wounded, slightly transparent)
You miscast Ensorcelled Hibernation.
You are very lightly contaminated with residual magic.
Frost spreads across the the floor.
Sigmund casts a spell at you.
You are confused.
Sigmund gestures at you while chanting. The puff of flame hits you!
Ouch! That really hurt!
You die...

#########
.........
.........#
.w........#
..........#
..........# .
........@..##....
.................
......s.@..##....
..##..###### #.
#. #


You could see Sigmund (invisible), a worm and a giant cockroach.

Vanquished Creatures
  2 ball pythons (D:1)
  2 bats (D:1)
  A goblin (D:1)
  2 hobgoblins (D:1)
  6 jackals (D:1)
  A kobold (D:1)
  2 rats (D:1)
16 creatures vanquished.

Notes
Turn   | Place    | Note
--------------------------------------------------------------
     0 | D:1      | MirrMurr, the Spriggan Enchanter, began the quest for the Orb.
     0 | D:1      | Reached XP level 1. HP: 9/9 MP: 4/4
   331 | D:1      | Reached skill level 4 in Stealth
   586 | D:1      | Reached XP level 2. HP: 11/13 MP: 6/6
  1143 | D:1      | Reached skill level 5 in Stealth
  1147 | D:1      | Learned a level 2 spell: Ensorcelled Hibernation
  1237 | D:2      | Noticed Sigmund
  1241 | D:2      | Killed from afar by Sigmund

Action                   || total
-------------------------++-------
Melee: Dagger            ||   104
 Stab: Sleeping          ||     2
